Unix NetHack Version 5.0.0-0 post-release - last build May 10 2026 23:12:36 (d1fa5d53e341ca933230fdaa984d921c805b60aa,branch:main).

Game began 2026-05-15 16:19:42, ended 2026-05-15 16:43:35.

BitterJesus, lawful female human Samurai

                                       ----------
      -----------                      |........|
      |.........+                      |......<.|              -----
      |...*.....|           ------     |.........##            |.W@|
     #-..........########   |....|     |........| #            |.BF|
     #------..---          #......##   ---.----.- #         ----Yd.----
     ###    #*             #|....| #      #   ##  #        #-.B:.o....|
       #    #              #|....| ##     #####   #        #|*..*. ?.*|
       ##   #             ##------  #    ##       #        #|..*.d*...|
   -----#   #            ##         #  ####       ##      ##-----------
   |%?.|#   *            #          # -|-+--       #      #
   |!/.|#   #            #          #)))...|      ######  #
   |)%.-#   ##           #            |....|       #---|- #
   -----    .|---------###            |....|       #|...|##
            ..........|#              ------       #|...|#
            |.........|#                           #+>...#
            |..........#                            |.{.|
            |..........#                            |...|
            -----------                             -----

BitterJesus the Hatamoto  St:16 Dx:14 Co:18 In:11 Wi:10 Ch:7  Lawful
Dlvl:4  $:172 HP:0(22) Pw:13(13) AC:4  Xp:2/39 T:1881 

Latest messages:
 c - a +0 yumi (weapon in right hand).
 a - a +0 katana (alternate weapon; not wielded).
 Nestorix's ghost touches you!
 a - a +0 katana (weapon in right hand).
 c - a +0 yumi (alternate weapon; not wielded).
 You see here a statue of a bat.
 You see here 41 rocks.
 Ralph misses Nestorix's ghost.
 Ralph misses Nestorix's ghost.
 There is a fountain here.
 You see here 41 rocks.
 Ralph misses Nestorix's ghost.
 Ralph misses Nestorix's ghost.
 You see here 41 rocks.
 Ralph misses Nestorix's ghost.
 You swap places with the peaceful sasquatch.
 You see here 51 rocks.
 Ralph misses Nestorix's ghost.
 Ralph misses Nestorix's ghost.
 Ralph misses Nestorix's ghost.
 There is a grave here.
 Something is engraved here on the headstone.
 You read: "Nestorix, killed by a sasquatch".
 There are many objects here.
 $ - 127 gold pieces (172 in total).
 Ralph misses Nestorix's ghost.
 Ralph misses Nestorix's ghost.
 You see here a statue of a lichen.
 Ralph picks up a rock.
 Ralph misses Nestorix's ghost.
 The statue moves!
 You hit the wraith!
 The wraith touches you!
 Sayonara level 5.
 Ralph misses Nestorix's ghost.
 You miss the wraith.
 The wraith touches you!
 Sayonara level 4.
 Ralph misses Nestorix's ghost.
 You miss the wraith.
 The wraith misses!
 Ralph misses Nestorix's ghost.
 Ralph drops a rock.
 Ralph misses Nestorix's ghost.
 You hear someone cursing shoplifters.
 You miss the wraith.
 The wraith touches you!
 Sayonara level 3.
 You die...
 Do you want your possessions identified? [ynq] (y) q

Inventory:
 Coins    ('$')
  $ - 172 gold pieces
 Weapons  (')')
  d - 24 +0 ya (in quiver)
  c - a +0 yumi (alternate weapon; not wielded)
  a - a +0 katana (weapon in right hand)
  b - a +0 wakizashi
 Armor    ('[')
  e - an uncursed rustproof +0 splint mail (being worn)
 Comestibles  ('%')
  t - an uncursed gunyoki
 Potions  ('!')
  k - an uncursed potion of sake
 Rings    ('=')
  f - a cursed ring of aggravate monster
 Wands    ('/')
  n - a wand of cold (0:6)
  o - a cursed wand of light (0:11)
  y - a wand of magic missile (0:6)
  i - a wand of polymorph (0:4)
  h - a wand of striking (0:6)
 Tools    ('(')
  w - an uncursed oil lamp

BitterJesus the Samurai's attributes:

Background:
 You were a Hatamoto, a level 2 female human Samurai.
 You were lawful, on a mission for Amaterasu Omikami
 who was opposed by Raijin (neutral) and Susanowo (chaotic).
 You were right-handed.
 You were in the Dungeons of Doom, on level 4.
 You entered the dungeon 1881 turns ago.
 You had 39 experience points, 1 more was needed to attain level 3.

Basics:
 You had 0 out of 22 hit points.
 You had all 13 energy points (spell power).
 Your armor class was 4.
 Your wallet contained 172 zorkmids.
 Autopickup was off.

Final Characteristics:
 Your strength was 16 (limit:18/100).
 Your dexterity was 14 (limit:18).
 Your constitution was 18 (limit:18).
 Your intelligence was 11 (limit:18).
 Your wisdom was 10 (limit:18).
 Your charisma was 7 (limit:18).

Final Status:
 You weren't hungry.
 You were unencumbered.
 You were wielding a long sword.
 You had basic skill with long sword.

Final Attributes:
 You were devoutly aligned.
 You were warded.
 You were fast.
 You are dead.

Miscellaneous:
 You encountered 1 bones level.
 Total elapsed playing time was 14 minutes and 26 seconds.

Major events:
 Turn
    1: BitterJesus the lawful female human Samurai entered the dungeon
  763: entered the Gnomish Mines
  780: attained the rank of Ronin (level 3)
 1881: killed by a wraith

You didn't know any spells.

Skills:
 Fighting Skills
   martial arts      [Basic]
   two weapon combat [Unskilled]
   riding            [Unskilled]
 Weapon Skills
   dagger            [Unskilled]
   knife             [Unskilled]
   short sword       [Basic]
   broadsword        [Unskilled]
   long sword        [Basic]
   two-handed sword  [Unskilled]
   saber             [Unskilled]
   flail             [Unskilled]
   quarterstaff      [Unskilled]
   polearms          [Unskilled]
   spear             [Unskilled]
   lance             [Unskilled]
   bow               [Basic]
   shuriken          [Unskilled]
 Spellcasting Skills
   attack spells     [Unskilled]
   divination spells [Unskilled]
   clerical spells   [Unskilled]

Voluntary challenges:
 Character rerolling was not enabled.
 You never genocided any monsters.
 You never polymorphed an object.
 You never changed form.
 You used no wishes.
Achievements:
 You entered a shop.
 You entered the Gnomish Mines.
 You attained the rank of Ronin.

 The Dungeons of Doom: levels 1 to 4
    Level 1:
       An altar to Amaterasu Omikami.
    Level 2:
       A food shop.
       Stairs down to The Gnomish Mines.
    Level 3:
       A general store.
    Level 4: <- You were here.
       A general store, some fountains, a grave.
       Final resting place for
          you, killed by a wraith,
          Nestorix-Arc-Hum-Fem-Law, killed by a sasquatch.
 The Gnomish Mines:
    Level 3:


Vanquished creatures:
  a leather golem
  a rock mole
  a giant ant
  a floating eye
  a kobold leader
  4 rothes
  2 dwarf zombies
  4 iguanas
 an acid blob
  a coyote
  2 hobbits
  2 manes
  a hobgoblin
  2 giant rats
  a red mold
  6 gnomes
  2 garter snakes
  a gnome zombie
  2 geckos
  3 jackals
  2 foxes
  a goblin
  2 grid bugs
  a bat
  3 lichens
  a kobold zombie
  4 newts
53 creatures vanquished.

No species were genocided or became extinct.

Game over:
                       ----------
                      /          \
                     /    REST    \
                    /      IN      \
                   /     PEACE      \
                  /                  \
                  |   BitterJesus    |
                  |      172 Au      |
                  |   killed by a    |
                  |      wraith      |
                  |                  |
                  |                  |
                  |       2026       |
                 *|     *  *  *      | *
        _________)/\\_//(\/(/\)/\//\/|_)_______

Sayonara BitterJesus the Samurai...

You died in The Dungeons of Doom on dungeon level 4 with 1203 points,
and 172 pieces of gold, after 1881 moves.
You were level 2 with a maximum of 22 hit points when you died.

